 Dungeon Crawl Stone Soup version 0.28-a0-544-g207b005307 (webtiles) character file.

Game seed: 12502605500177488307

1966849 EnegeticOcto the Ruinous (level 23, 199/199 HPs)
             Began as a Demigod Earth Elementalist on Sept 28, 2021.
             Escaped with the Orb
             ... and 4 runes!
             The game lasted 02:35:48 (88012 turns).

EnegeticOcto the Ruinous (DgEE)                    Turns: 88012, Time: 02:35:48

Health: 199/199    AC: 27    Str: 12    XL:     23   Next: 84%
Magic:  48/48      EV: 15    Int: 51    God:
Gold:   6375       SH: 17    Dex: 14    Spells: 5/52 levels left

rFire   + + .      SeeInvis +   A - staff of conjuration
rCold   + . .      Faith    .   n - +4 kite shield {AC+3}
rNeg    . . .      Spirit   .   Y - +6 faerie dragon scales {rF+ rCorr Int+4}
rPois   +          Reflect  .   H - +1 helmet {SInv}
rElec   +          Harm     +   Q - +4 cloak of the Stars {Fly Regen+}
rCorr   +          Rampage  .   b - +1 pair of gloves "Kucosargh" {Harm}
Will    +++..                   V - +1 pair of boots of the Vaults {rElec rF+}
Stlth   +.........              d - amulet of magic regeneration
HPRegen 1.43/turn               K - ring of Esafroso {rPois rC+ Str+3 Int+2}
MPRegen 0.56/turn               D - ring of willpower

@: flying
A: high mp 1, forlorn
0: Orb of Zot
}: 4/15 runes: decaying, slimy, silver, gossamer
a: no special abilities


You escaped.
You visited 10 branches of the dungeon, and saw 53 of its levels.
You also visited: Sewer, Gauntlet and Ice Cave.

You collected 11529 gold pieces.
You spent 5154 gold pieces at shops.

Inventory:

Hand Weapons
 y - a +2 rapier of distortion
   (You took it off a kobold brigand on level 4 of the Dungeon)
Missiles
 c - 1109 stones
 e - 10 curare-tipped darts
 L - 4 throwing nets {!f}
Armour
 b - the +1 pair of gloves "Kucosargh" (worn) {Harm}
   (You found it on level 2 of the Swamp)

   Harm:      It increases damage dealt and taken.
 k - the +0 kite shield of a sewer {Harm rF+ MP+9 Str+2}
   (You found it on level 4 of the Vaults)

   Str:       It affects your strength (+2).
   rF:        It protects you from fire.
   MP:        It affects your magic capacity (+9).
   Harm:      It increases damage dealt and taken.
 n - a +4 kite shield of protection (worn)
   (You took it off a tengu warrior on level 15 of the Dungeon)
 H - a +1 helmet of see invisible (worn)
   (You found it on level 5 of the Vaults)
 Q - the +4 cloak of the Stars (worn) {Fly Regen+}
   (You found it on level 3 of the Elven Halls)

   Fly:       It grants you flight.
   Regen:     It increases your rate of health regeneration.
 V - the +1 pair of boots of the Vaults (worn) {rElec rF+}
   (You found it in a Gauntlet)

   rF:        It protects you from fire.
   rElec:     It insulates you from electricity.
 Y - the +6 faerie dragon scales (worn) {rF+ rCorr Int+4}
   (You took it off the Enchantress on level 1 of the Depths)

   Int:       It affects your intelligence (+4).
   rF:        It protects you from fire.
   rCorr:     It protects you from acid and corrosion.
Magical Staves
 A - a staff of conjuration (weapon)
   (You found it on level 6 of the Dungeon)
Jewellery
 d - an amulet of magic regeneration (around neck)
   (You found it on level 2 of the Swamp)
 l - a ring of magical power
   (You took it off a minotaur in a Gauntlet)
 D - a ring of willpower (right hand)
   (You found it on level 3 of the Dungeon)
 F - the ring "Husiumom" {rElec rPois rN++ rCorr Dex-4}
   (You took it off a yaktaur captain on level 5 of the Vaults)

   [ring of resist corrosion]

   Dex:       It affects your dexterity (-4).
   rElec:     It insulates you from electricity.
   rPois:     It protects you from poison.
   rN:        It greatly protects you from negative energy.
   rCorr:     It protects you from acid and corrosion.
 K - the ring of Esafroso (left hand) {rPois rC+ Str+3 Int+2}
   (You bought it in a shop on level 14 of the Dungeon)

   [ring of protection from cold]

   Str:       It affects your strength (+3).
   Int:       It affects your intelligence (+2).
   rC:        It protects you from cold.
   rPois:     It protects you from poison.
Wands
 h - a wand of acid (11) {@v1}
   (You found it on level 2 of the Lair of Beasts)
 r - a wand of mindburst (37)
   (You found it on level 9 of the Dungeon)
 C - a wand of charming (18)
   (You found it on level 14 of the Dungeon)
 J - a wand of paralysis (45)
   (You found it on level 3 of the Lair of Beasts)
 S - a wand of digging (5) {@v3}
   (You found it on level 4 of the Lair of Beasts)
 T - a wand of iceblast (23) {@v2}
   (You took it off Erica on level 10 of the Dungeon)
 W - a wand of polymorph (69)
   (You found it on level 11 of the Dungeon)
Scrolls
 f - 25 scrolls of teleportation {@r3 !r}
 o - 2 scrolls of holy word
 q - 4 scrolls of fear {!r}
 s - 6 scrolls of blinking {@r4}
 t - 5 scrolls of magic mapping {@r5 !r}
 G - 10 scrolls of immolation
 O - 4 scrolls of fog {!r}
 R - 10 scrolls of vulnerability
Potions
 a - 4 potions of might {@q3 !q}
 g - 21 potions of curing {@q1 !q}
 j - 3 potions of attraction
 m - 12 potions of ambrosia
 p - 6 potions of lignification {@q6}
 u - 8 potions of haste {@q4 !q}
 v - 2 potions of magic
 w - 5 potions of brilliance
 x - 6 potions of resistance
 z - 10 potions of heal wounds {@q2 !q}
 B - 5 potions of invisibility
 E - 8 potions of flight
 I - 2 potions of mutation
 M - 4 potions of cancellation
 U - 7 potions of berserk rage
Miscellaneous
 i - a tin of tremorstones (2/2)
   (You found it on level 1 of the Spider Nest)
 N - a condenser vane
   (You bought it in a shop on level 2 of the Dungeon)
 P - a box of beasts
   (You found it on level 10 of the Dungeon)
 X - a phantom mirror
   (You found it on level 3 of the Elven Halls)
 Z - a phial of floods
   (You found it in a Gauntlet)


   Skills:
 - Level 15.0 Fighting
 - Level 4.0 Armour
 - Level 10.0 Dodging
 - Level 2.0 Stealth
 - Level 15.0 Shields
 - Level 15.0 Spellcasting
 + Level 22.7 Conjurations
 - Level 3.1 Transmutations
 - Level 20.0 Fire Magic
 - Level 12.8 Earth Magic
 - Level 10.0 Evocations


You had 5 spell levels left.
You knew the following spells:

 Your Spells              Type           Power      Damage    Failure   Level
a - Sandblast             Erth           100%       2d20      0%          1
b - Iron Shot             Conj/Erth      73%        9d13      1%          6
c - Fireball              Conj/Fire      77%        3d29      0%          5
d - Starburst             Conj/Fire      77%        6d20      1%          6
e - Ignition              Fire           63%        3d17      1%          8
f - Fulminant Prism       Conj/Hex       62%        3d27      1%          4
g - Lehudib's Crystal Sp  Conj/Erth      73%        10d16     3%          8
p - Passwall              Tmut/Erth      73%        N/A       1%          2
z - Irradiate             Conj/Tmut      65%        3d35      1%          5
Y - Blink                 Tloc           N/A        N/A       1%          2

Your spell library contained the following spells:

 Spells                   Type           Power      Damage    Failure   Level
 Foxfire                  Conj/Fire      100%       2x1d9     0%          1
 Magic Dart               Conj           100%       1d8       0%          1
 Shock                    Conj/Air       100%       1d9       0%          1
 Searing Ray              Conj           100%       2d8       0%          2
 Conjure Flame            Conj/Fire      100%       6-21      0%          3
 Stone Arrow              Conj/Erth      100%       3d13      0%          3
 Flame Wave               Conj/Fire      100%       3d16      0%          4
 Iskenderun's Battlesphe  Conj           100%       2d15      0%          5
 Animate Skeleton         Necr           76%        N/A       1%          1
 Apportation              Tloc           76%        N/A       1%          1
 Beastly Appendage        Tmut           100%       N/A       1%          1
 Pain                     Necr           100%       1d9       1%          1
 Call Imp                 Summ           38%        N/A       1%          2
 Corpse Rot               Necr/Air       N/A        N/A       1%          2
 Slow                     Hex            38%        N/A       1%          2
 Sublimation of Blood     Necr           19%        N/A       1%          2
 Wereblood                Tmut           63%        N/A       1%          2
 Inner Flame              Hex/Fire       96%        N/A       1%          3
 Mephitic Cloud           Conj/Pois/Air  100%       N/A       1%          3
 Spider Form              Tmut/Pois      26%        N/A       1%          3
 Animate Armour           Summ/Erth      100%       N/A       1%          4
 Iskenderun's Mystic Bla  Conj/Tloc      100%       2d19      1%          4
 Leda's Liquefaction      Hex/Erth       40%        N/A       1%          4
 Petrify                  Tmut/Erth      88%        N/A       1%          4
 Borgnjor's Vile Clutch   Necr/Erth      40%        N/A       1%          5
 Lightning Bolt           Conj/Air       62%        1d85      1%          5
 Call Canine Familiar     Summ           38%        N/A       2%          3
 Confusing Touch          Hex            38%        N/A       2%          3
 Gell's Gravitas          Tloc           19%        N/A       2%          3
 Lesser Beckoning         Tloc           38%        N/A       2%          3
 Ozocubu's Armour         Ice            38%        N/A       2%          3
 Portal Projectile        Hex/Tloc       76%        N/A       2%          3
 Swiftness                Air            38%        N/A       2%          3
 Teleport Other           Tloc           38%        N/A       2%          3
 Tukima's Dance           Hex            38%        N/A       2%          3
 Vampiric Draining        Necr           19%        2d8       2%          3
 Blade Hands              Tmut           31%        N/A       5%          5
 Airstrike                Air            19%        N/A       7%          4
 Animate Dead             Necr           19%        N/A       7%          4
 Cause Fear               Hex            19%        N/A       7%          4
 Passage of Golubria      Tloc           N/A        N/A       7%          4
 Summon Ice Beast         Ice/Summ       38%        N/A       7%          4
 Summon Lightning Spire   Summ/Air       38%        N/A       7%          4
 Alistair's Intoxication  Tmut/Pois      35%        N/A       11%         5
 Yara's Violent Unravell  Hex/Tmut       26%        3d11      11%         5
 Manifold Assault         Tloc           38%        N/A       21%         5
 Summon Mana Viper        Hex/Summ       38%        N/A       21%         5
 Conjure Ball Lightning   Conj/Air       62%        3x3d22    1%          6
 Spellforged Servitor     Conj/Summ      62%        N/A       6%          7
 Death Channel            Necr           19%        N/A       73%         6
 Dispersal                Tloc           19%        N/A       73%         6
 Invisibility             Hex            19%        N/A       73%         6
 Dragon Form              Tmut           31%        N/A       86%         7
 Storm Form               Tmut/Air       26%        N/A       97%         7
 Monstrous Menagerie      Summ           19%        N/A       99%         7
 Ozocubu's Refrigeration  Ice            19%        4d8       99%         7
 Borgnjor's Revivificati  Necr           19%        N/A       100%        8
 Discord                  Hex            19%        N/A       100%        8
 Disjunction              Tloc           19%        N/A       100%        8
 Maxwell's Capacitive Co  Air            19%        ∞         100%        8
 Necromutation            Tmut/Necr      26%        N/A       100%        8
 Death's Door             Necr           19%        N/A       100%        9
 Dragon's Call            Summ           19%        N/A       100%        9


Dungeon Overview and Level Annotations

Branches:
Dungeon (15/15)            Temple (0/1) D:7            Lair (6/6) D:10
  Swamp (4/4) Lair:3       Spider (4/4) Lair:4        Slime (5/5) Lair:6
    Orc (2/2) D:11            Elf (3/3) Orc:2        Vaults (5/5) D:14
  Crypt (0/3) Vaults:3     Depths (4/4) D:15            Zot (5/5) Depths:4
  Sewer (visited)           IceCv (visited)         Gauntlet (visited)

Shops:
D:2 *   D:5 :   D:6 *((   D:7 [   D:11 (   D:14 =   D:15 :   Orc:1 =[
Orc:2 (:[*   Elf:3 *   Vaults:1 *   Vaults:4 (   Vaults:5 [   Depths:1 [
Depths:3 *

Portals:
Hell: Depths:1 Depths:2 Depths:3 Depths:4
Abyss: D:4 Depths:1 Depths:3
Pandemonium: Depths:1 Depths:2
Ziggurat: Depths:4
Trove: D:15 (give +4 shadow dragon scales)

Annotations:
Spider:1 2 runed translucent doors, Sajuapom's ghost, adept MiFi
Spider:2 2 transporters, Arachne; Vive's ghost, adept GrEE
Orc:1 2 transporters, dziebel133's ghost, journeyman SpEn
Elf:2 3 runed translucent doors
Vaults:3 1 runed translucent door, Geciec's ghost, veteran BaAK
Depths:2 exclusion: door


Innate Abilities, Weirdness & Mutations

Your attributes grow dramatically as you level up.
You have an increased reservoir of magic. (+10% MP)
You shall have no god before yourself.


Message History

There is a stone staircase leading down here.
A balrug and 2 sun demons come into view.
The balrug is wielding a +0 demon whip of freezing.
The sun demon shouts!
The balrug moves out of view.
The sun demon moves out of view.
There is a stone staircase leading up here.
You fly upwards.
There is a stone staircase leading down here.
(D) Dungeon (T) Temple (L) Lair (S) Swamp (N) Spider Nest (M) Slime Pits (O) Orcish Mines (E) Elven Halls (V) Vaults (C) Crypt (U) Depths (H) Hell (Z) Zot
Where to? (Enter - D:1 @ (x,y), ? - help)
There is a stone staircase leading up here.
You fly upwards.
There is a stone staircase leading down here.
You see here a +0 short sword.
You see here 17 arrows.
There is an open door here.
There is a stone staircase leading up, spattered with blood here.
You fly upwards.
There is a stone staircase leading down here.
A great orb of eyes comes into view.
The great orb of eyes turns its gaze towards you.
There is a stone staircase leading up, spattered with blood here.
Things that are here:
a +0 plate armour; a +0 battleaxe You fly upwards.
There is a stone staircase leading down here.
(D) Dungeon (T) Temple (L) Lair (S) Swamp (N) Spider Nest (M) Slime Pits (O) Orcish Mines (E) Elven Halls (V) Vaults (C) Crypt (U) Depths (H) Hell (Z) Zot
Where to? (Enter - D:1 @ (x,y), ? - help)
There is a stone staircase leading up here.
You fly upwards.
There is a stone staircase leading down here.
Something unseen opens the door.
Wuhukluj comes into view. It is armed with a flaming touch.
Press: ? - help, v - describe, . - travel
Here: Wuhukluj, armed with a flaming touch (surrounded by flames)
The floor.
Really quaff
u - 9 potions of haste {@q4 !q}?
You feel yourself speed up.
A shadow demon comes into view.
Blink to where?
Press: ? - help, Dir - move target
As you read the scroll of blinking {@r4}, it crumbles to dust.
The shadow demon moves out of view.
Casting: Fireball (safe; 0% risk of failure)
Confirm with . or Enter, or press ? or * to list all spells.
Aiming: Passwall (safe; 1% risk of failure)
Press: ? - help, Dir - move target A rock wall.
This square is covered in magical glow.
You begin to meditate on the wall.
You continue meditating on the rock. x2
You finish merging with the rock.
Blink to where?
Press: ? - help, Dir - move target
As you read the scroll of blinking {@r4}, it crumbles to dust.
Magic restored.
You fly upwards.
There is a stone staircase leading down here.
(D) Dungeon (T) Temple (L) Lair (S) Swamp (N) Spider Nest (M) Slime Pits (O) Orcish Mines (E) Elven Halls (V) Vaults (C) Crypt (U) Depths (H) Hell (Z) Zot
Where to? (Enter - D:1 @ (x,y), ? - help)
There is a stone staircase leading up here.
You fly upwards.
There is a stone staircase leading down here.
There is an open door here.
There is a stone staircase leading up here.
You fly upwards.
Your extra speed is starting to run out.
There is a stone staircase leading down here.
There is a stone staircase leading up, spattered with blood here.
You fly upwards.
There is a stone staircase leading down, spattered with blood here.
Things that are here:
a +0 club; a +0 dagger; a +0 dagger You feel yourself slow down.
There is a stone staircase leading up here.
You fly upwards.
There is a stone staircase leading down here.
There is a stone staircase leading up here.
You fly upwards.
There is a stone staircase leading down here.
There is a stone staircase leading down here.
A green death comes into view.
Casting: Passwall (safe; 1% risk of failure)
Confirm with . or Enter, or press ? or * to list all spells.
Aiming: Passwall (safe; 1% risk of failure)
Press: ? - help, Dir - move target A rock wall.
This square is covered in magical glow.
You begin to meditate on the wall.
You continue meditating on the rock. x2
You finish merging with the rock.
Magic restored.
You have escaped!

.# #.##.#.# ###....###
#########.##.#.###........##
........#.##.#.##....##....##
#######.#.##.#.#............#
#.#.##.#.#............##
#.#.##.#......####.....#
#.#.##.#....### ###...####
#.####.#.##.# ##..#... #.#
#.#.#@.### ###...#.## #.#
#.#2#....####.....#.## #.#
#.#.#............##.## #)#
#.#.#............##.##
#######.#
#.#.##....##....###.##
........# #.#.###........##
#.## ######### #.#.#
###....######... #.#.#
########......## #.#.#
#...............


There were no monsters in sight!

Vanquished Creatures
  the Royal Jelly (Slime:5)
  2 orbs of fire (Zot:5)
  An ancient lich (Zot:5)
  Bai Suzhen (Vaults:4)
  3 Killer Klowns (Zot:5)
  Saint Roka (Vaults:4)
  2 curse toes
  7 golden dragons
  the Enchantress (Depths:1)
  An electric golem (Zot:5)
  Jorgrun (D:15)
  20 tentacled monstrosities
  A walking earthen tome (Depths:3)
  2 liches
  22 Orb Guardians (Zot:5)
  2 titans (Vaults:5)
  2 deep elf blademasters (Elf:3)
  A deep elf master archer (Elf:3)
  Frances (D:12)
  17 acid blobs
  5 quicksilver dragons
  3 death cobs
  9 shadow dragons
  A thorn hunter (Swamp:4)
  8 sphinxes
  Agnes (D:15)
  9 storm dragons
  Donald (Swamp:1)
  7 tengu reavers
  6 azure jellies
  6 rockslimes
  6 fire giants
  A fenstrider witch (Swamp:3)
  A draconian monk (Zot:1)
  2 draconian knights (Zot:1)
  13 vault wardens
  9 deep elf sorcerers (Elf:3)
  A cacodemon (Depths:1)
  3 ghost moths
  Aizul (Depths:1)
  10 frost giants
  2 iron dragons
  3 orc warlords
  4 deep elf elementalists (Elf:3)
  2 draconian shifters
  A ghoul (Swamp:4)
  Louise (D:15)
  6 war gargoyles
  7 emperor scorpions
  13 very ugly things
  5 spriggan defenders
  13 stone giants
  7 quicksilver oozes
  25 ironbound preservers
  A lorocyproca (Depths:1)
  7 deep elf demonologists
  2 vampire knights
  An entropy weaver (shapeshifter) (Vaults:5)
  8 green draconians
  5 black draconians
  8 entropy weavers
  7 white draconians
  2 bunyips
  11 deep elf annihilators
  4 red draconians
  A purple draconian (Zot:3)
  A minotaur (Gauntlet)
  2 yellow draconians
  5 spark wasps
  9 deep elf death magi
  21 dire elephants
  2 eleionomae
  9 ettins
  9 fire dragons
  3 merfolk javelineers
  2 crystal guardians (Vaults:2)
  A shambling mangrove (Swamp:4)
  6 deep elf high priests
  2 jiangshi (Depths:1)
  13 yaktaur captains
  4 ironbound thunderhulks
  10 great orbs of eyes
  6 ice dragons
  Harold (D:9)
  7 boulder beetles
  A hell beast (Depths:4)
  2 rakshasas
  4 spriggan air magi
  A ghost crab (Swamp:2)
  3 peacekeepers
  35 vault guards
  Erolcha (D:11)
  31 hydras
  Erica (D:10)
  12 ironbound frosthearts
  5 two-headed ogres
  2 death knights
  An ogre mage (Vaults:5)
  3 catoblepae
  15 centaur warriors
  5 tengu warriors
  8 alligators
  21 dancing weapons
  5 deep troll shamans
  5 deep troll earth magi
  A shock serpent (shapeshifter) (Depths:1)
  4 orc high priests (Orc:2)
  A vampire mage (Depths:1)
  2 spriggan berserkers (Depths:3)
  5 hell knights (Depths:2)
  2 soul eaters
  2 sun demons (Depths:4)
  16 deep elf knights
  9 iron trolls
  72 slime creatures
  A sixfirhy (Gauntlet)
  7 goliath frogs
  A gelid demonspawn (Depths:1)
  4 skeletal warriors (D:10)
  An orange crystal statue (Gauntlet)
  A salamander mystic (Depths:4)
  A shadow demon (Depths:1)
  12 wizards
  8 lindwurms
  10 swamp dragons
  3 glowing orange brains
  4 bog bodies
  74 deep trolls
  3 spriggan druids (Swamp:4)
  20 ironbound convokers
  2 phantasmal warriors (Vaults:5)
  An obsidian statue (Zot:5)
  2 necromancers
  14 orb spiders
  14 deep elf archers
  24 deep elf zephyrmancers
  7 harpies
  10 orc knights
  22 deep elf pyromancers
  An oklob plant (Lair:6)
  39 ugly things
  32 wolf spiders
  4 orc sorcerers
  2 manticores
  3 will-o-the-wisps
  6 cyclopes
  4 shining eyes
  19 moths of wrath
  3 salamanders (Depths:4)
  4 black mambas
  10 vault sentinels
  7 elephants
  2 torpor snails
  4 eyes of devastation
  2 minotaur zombies (Gauntlet)
  The ghost of paps the Cudgeller, a novice DsGl (D:5)
  The ghost of MirrMurr the Gouger, a novice FeBe of Trog (D:6)
  A gargoyle (D:13)
  21 cane toads
  15 demonic crawlers
  An efreet (D:14)
  44 yaktaurs
  A tormentor (Zot:1)
  8 komodo dragons
  3 tengu conjurers
  7 rime drakes
  2 freezing wraiths
  A red devil (Depths:1)
  30 jumping spiders
  A queen bee (Lair:2)
  5 polar bears
  7 meliai
  5 trolls
  2 bloated husks (Swamp:1)
  A wind drake (shapeshifter) (Vaults:5)
  25 hornets
  A raiju (shapeshifter) (D:14)
  9 tyrant leeches
  32 blink frogs
  6 dream sheep (Lair:6)
  The ghost of scienide the Cudgeller, an amateur GrFi of Ru (D:4)
  4 flying skulls (Depths:2)
  A centaur simulacrum (D:14)
  4 air elementals
  83 redbacks
  13 spriggans
  21 water elementals
  4 fire elementals
  A dire elephant simulacrum (IceCv)
  26 tarantellas
  7 wyverns
  A shadow (D:15)
  2 vampires
  A hog (Lair:1)
  A basilisk (shapeshifter) (Elf:3)
  3 basilisks
  A redback (shapeshifter) (D:14)
  47 yaks
  2 fire bats (Gauntlet)
  A steam dragon (shapeshifter) (D:14)
  A wraith (D:14)
  4 golden eyes (Slime:2)
  A steam dragon (D:6)
  A death yak simulacrum (IceCv)
  22 vampire mosquitoes
  A neqoxec (Depths:1)
  4 wargs
  9 water moccasins
  23 swamp worms
  3 acid dragons
  2 hell hounds (Gauntlet)
  8 swamp drakes
  39 orc warriors
  An ice beast (D:5)
  3 sky beasts
  A necrophage (Swamp:4)
  9 ogres
  15 wolves
  11 centaurs
  A phantom (D:6)
  6 kobold brigands
  21 bullfrogs
  A gnoll sergeant (D:9)
  9 earth elementals
  2 scorpions (Lair:4)
  A wyvern skeleton (D:5)
  3 small abominations (D:4)
  30 killer bees
  4 wights (D:7)
  7 howler monkeys
  10 electric eels
  4 jellies
  5 centaur zombies
  2 hounds
  24 orc priests
  6 iguanas
  2 gnoll shamans
  Jessica (D:2)
  Terence (D:2)
  12 human skeletons (Vaults:4)
  25 orc wizards
  7 hell rats (Lair:3)
  A polar bear simulacrum (IceCv)
  A wolf simulacrum (IceCv)
  2 howler monkey zombies (D:9)
  Robin (D:3)
  14 gnolls
  4 adders
  12 river rats
  6 ufetubi
  5 worms (Lair:4)
  2 dart slugs
  113 orcs
  9 endoplasms
  8 giant cockroaches
  19 goblins
  10 hobgoblins
  6 jackals
  7 quokkas
  7 ball pythons
  14 bats
  6 frilled lizards
  33 kobolds
  16 rats
2206 creatures vanquished.

Vanquished Creatures (collateral kills)
  Rupert (Spider:1)
  An orc warrior (D:15)
  3 kobolds (Sewer)
5 creatures vanquished.

Vanquished Creatures (others)
  A lich (D:7)
  A water elemental (D:14)
  2 foxfires (Swamp:3)
  2 fulminant prisms
  60 fungi
  132 plants
198 creatures vanquished.

Grand Total: 2409 creatures vanquished

Notes
Turn   | Place    | Note
-------+----------+-------------------------------------------
     0 | D:1      | EnegeticOcto the Demigod Earth Elementalist began the quest
                  | for the Orb.
     0 | D:1      | Reached XP level 1. HP: 14/14 MP: 5/5
   152 | D:1      | Reached skill level 2 in Stealth
   152 | D:1      | Reached skill level 2 in Spellcasting
   300 | D:1      | Reached skill level 3 in Earth Magic
   412 | D:1      | Reached XP level 2. HP: 20/20 MP: 5/7
  1662 | D:2      | Reached XP level 3. HP: 26/26 MP: 5/8
  1666 | D:2      | Learned a level 3 spell: Stone Arrow
  1669 | D:2      | Learned a level 2 spell: Passwall
  1800 | D:2      | Noticed Terence
  1817 | D:2      | Killed Terence
  1818 | D:2      | Reached skill level 4 in Earth Magic
  2206 | D:2      | Reached XP level 4. HP: 33/33 MP: 5/9
  2707 | D:2      | Found Qenwiqiu's General Store.
  2713 | D:2      | Noticed Jessica
  2717 | D:2      | Killed Jessica
  2718 | D:2      | Reached skill level 1 in Conjurations
  2723 | D:2      | Bought a scroll of magic mapping for 45 gold pieces
  2818 | D:3      | Found a glowing drain.
  2827 | Sewer    | Entered a sewer
  2954 | Sewer    | Noticed a kobold brigand
  2954 | Sewer    | Noticed a kobold brigand
  2962 | Sewer    | Killed a kobold brigand
  2963 | Sewer    | Reached skill level 2 in Conjurations
  2963 | Sewer    | Reached XP level 5. HP: 34/38 MP: 1/10
  2969 | Sewer    | Reached skill level 3 in Conjurations
  3849 | D:3      | Reached skill level 4 in Conjurations
  3849 | D:3      | Reached XP level 6. HP: 28/45 MP: 4/11
  4817 | D:2      | Bought a potion of brilliance for 52 gold pieces
  4885 | D:4      | Noticed Robin
  5190 | D:3      | Killed Robin
  5953 | D:4      | Found a transporter.
  5959 | D:4      | Noticed a small abomination
  5986 | D:4      | Found a one-way gate to the infinite horrors of the Abyss.
  5986 | D:4      | Noticed scienide's ghost (amateur GrFi)
  6010 | D:4      | Found a transporter.
  6233 | D:4      | Found a large runed translucent door.
  6275 | D:4      | Found a large runed translucent door.
  6604 | D:5      | Entered Level 5 of the Dungeon
  6612 | D:5      | Reached skill level 1 in Fighting
  6612 | D:5      | Reached skill level 1 in Shields
  6744 | D:2      | Bought a scroll of immolation for 45 gold pieces
  6821 | D:5      | Found a runed translucent gate.
  6821 | D:5      | Noticed paps's ghost (novice DsGl)
  6823 | D:5      | Found a runed translucent gate.
  6824 | D:5      | Found a runed translucent gate.
  7234 | D:5      | Found Amny's Book Boutique.
  7493 | D:5      | Reached skill level 2 in Fighting
  7493 | D:5      | Reached skill level 2 in Shields
  7493 | D:5      | Reached XP level 7. HP: 55/55 MP: 7/14
  7905 | D:6      | Found Wiliagoa's Antique Weapon Shop.
  7929 | D:6      | Reached skill level 3 in Spellcasting
  8097 | D:6      | Reached skill level 3 in Fighting
  8097 | D:6      | Reached skill level 3 in Shields
  8227 | D:6      | Found a runed translucent gate.
  8227 | D:6      | Found a runed translucent gate.
  8227 | D:6      | Found a runed translucent gate.
  8236 | D:6      | Noticed MirrMurr's ghost (novice FeBe)
  8524 | D:6      | Noticed a steam dragon
  8528 | D:6      | Killed a steam dragon
  8529 | D:6      | Reached skill level 4 in Spellcasting
  8538 | D:6      | Reached XP level 8. HP: 45/66 MP: 5/17
  8764 | D:6      | Reached skill level 4 in Fighting
  8764 | D:6      | Reached skill level 4 in Shields
  8875 | D:6      | Found Zofuuwn's Antique Weapon Shoppe.
  8969 | D:6      | Found Qery's General Store.
  8977 | D:6      | Bought a scroll of blinking for 82 gold pieces
  9089 | D:6      | Killed MirrMurr's ghost
  9090 | D:6      | Reached skill level 6 in Earth Magic
  9385 | D:7      | Noticed a troll
  9390 | D:7      | Killed a troll
  9391 | D:7      | Reached skill level 7 in Earth Magic
  9391 | D:7      | Reached skill level 1 in Transmutations
  9726 | D:7      | Found Wokun's Antique Armour Shop.
  9850 | D:7      | Reached skill level 2 in Transmutations
  9948 | D:7      | Found a staircase to the Ecumenical Temple.
  9987 | D:7      | Reached skill level 5 in Conjurations
 10180 | D:7      | Reached XP level 9. HP: 71/71 MP: 14/18
 10241 | D:7      | Reached skill level 3 in Transmutations
 10650 | D:6      | Bought 6 curare-tipped darts for 39 gold pieces
 10730 | D:8      | Learned a level 5 spell: Fireball
 10802 | D:8      | Reached skill level 1 in Fire Magic
 10986 | D:8      | Reached skill level 2 in Fire Magic
 11131 | D:8      | Reached skill level 3 in Fire Magic
 11410 | D:8      | Reached skill level 6 in Conjurations
 11569 | D:9      | Noticed a deep elf pyromancer
 11574 | D:9      | Killed a deep elf pyromancer
 11575 | D:9      | Reached skill level 4 in Fire Magic
 11738 | D:9      | Noticed a cyclops
 11743 | D:9      | Killed a cyclops
 11744 | D:9      | Reached skill level 5 in Fire Magic
 12032 | D:9      | Noticed Harold
 12039 | D:9      | Killed Harold
 12040 | D:9      | Reached skill level 7 in Conjurations
 12040 | D:9      | Reached skill level 6 in Fire Magic
 12040 | D:9      | Reached XP level 10. HP: 63/78 MP: 6/19
 12232 | D:9      | Noticed a two-headed ogre
 12253 | D:9      | Killed a two-headed ogre
 12408 | D:9      | Identified the +4 ring mail of Fabulous Satisfaction
                  | {Int+3}
 12509 | D:9      | Reached skill level 7 in Fire Magic
 13602 | D:6      | Bought a potion of heal wounds for 55 gold pieces
 13693 | D:10     | Entered Level 10 of the Dungeon
 14276 | D:7      | Bought a dazzling cloak for 294 gold pieces
 14276 | D:7      | Identified the +1 cloak "Erchu" {Drain Str+6} (You bought
                  | it in a shop on level 7 of the Dungeon)
 14391 | D:10     | Found a staircase to the Lair.
 14455 | D:10     | Reached skill level 8 in Fire Magic
 14459 | D:10     | Noticed a skeletal warrior
 14464 | D:10     | Noticed a skeletal warrior
 14668 | D:10     | Noticed a skeletal warrior
 14668 | D:10     | Noticed a skeletal warrior
 14676 | D:10     | Reached skill level 8 in Conjurations
 14886 | D:10     | Noticed Erica
 14890 | D:10     | Killed Erica
 15383 | D:10     | Killed a skeletal warrior
 15384 | D:10     | Reached skill level 9 in Fire Magic
 15999 | D:10     | Reached XP level 11. HP: 57/84 MP: 2/20
 16368 | D:11     | Found a frozen archway.
 16402 | IceCv    | Entered an ice cave
 16530 | IceCv    | Found a transporter.
 16542 | IceCv    | Found a transporter.
 16666 | IceCv    | Learned a level 6 spell: Starburst
 16941 | D:11     | Noticed Erolcha
 16963 | D:11     | Killed Erolcha
 16964 | D:11     | Reached skill level 1 in Armour
 16964 | D:11     | Reached skill level 9 in Conjurations
 17131 | D:11     | Found a staircase to the Orcish Mines.
 17131 | D:11     | Noticed a two-headed ogre
 17135 | D:11     | Killed a two-headed ogre
 17272 | D:11     | Found Ergher's Weapon Shop.
 17408 | D:11     | Reached skill level 10 in Fire Magic
 17409 | D:11     | Reached skill level 2 in Armour
 17756 | D:7      | Bought a smoking robe for 176 gold pieces
 17756 | D:7      | Identified the +1 robe of Ciusm {Int+3 Stlth+} (You bought
                  | it in a shop on level 7 of the Dungeon)
 17815 | Lair:1   | Entered Level 1 of the Lair of Beasts
 17822 | Lair:1   | Noticed Maggie
 18081 | Lair:1   | Noticed Maggie
 18081 | Lair:1   | Maggie changed into Maggie the hog
 18085 | Lair:1   | Killed Maggie the hog
 18228 | Lair:1   | Reached skill level 5 in Fighting
 18406 | Lair:1   | Reached skill level 3 in Armour
 18406 | Lair:1   | Reached skill level 5 in Spellcasting
 18757 | Lair:1   | Identified the +8 hand axe of Noxious Indomitability
                  | {flame, Str+3 Dex+6}
 18779 | Lair:2   | Noticed a four-headed hydra
 18783 | Lair:2   | Killed a four-headed hydra
 19127 | Lair:2   | Reached XP level 12. HP: 94/94 MP: 13/24
 19203 | Lair:2   | Reached skill level 4 in Armour
 19481 | Lair:2   | Reached skill level 6 in Fighting
 19503 | Lair:2   | Reached skill level 10 in Conjurations
 19749 | Lair:2   | Reached skill level 6 in Spellcasting
 20426 | Lair:2   | Reached skill level 11 in Fire Magic
 21096 | Lair:3   | Identified the ring "Cexzaic" {Drain rPois Str+6}
 21130 | Lair:3   | Noticed an eight-headed hydra
 21135 | Lair:3   | Killed an eight-headed hydra
 21307 | Lair:3   | Found a staircase to the Swamp.
 21309 | Lair:3   | Reached skill level 7 in Fighting
 22901 | Lair:4   | Reached skill level 7 in Spellcasting
 23122 | Lair:4   | Found a hole to the Spider Nest.
 23125 | Lair:4   | Reached XP level 13. HP: 105/105 MP: 21/27
 23284 | Lair:4   | Reached skill level 11 in Conjurations
 24127 | Lair:5   | Reached skill level 8 in Fighting
 24343 | Lair:5   | Reached skill level 12 in Fire Magic
 24728 | Lair:5   | Learned a level 6 spell: Iron Shot
 24732 | Lair:5   | Learned a level 2 spell: Blink
 25006 | Lair:6   | Entered Level 6 of the Lair of Beasts
 25184 | Lair:6   | Found a gate leading to a gauntlet.
 25187 | Gauntlet | Entered a Gauntlet
 25187 | Gauntlet | Found a transporter.
 25187 | Gauntlet | Found a transporter.
 25199 | Gauntlet | Found a transporter.
 25214 | Gauntlet | Found a transporter.
 25217 | Gauntlet | Found a transporter.
 25217 | Gauntlet | Found a transporter.
 25219 | Gauntlet | Found a transporter.
 25219 | Gauntlet | Found a transporter.
 25230 | Gauntlet | Found a runed translucent gate.
 25232 | Gauntlet | Found a transporter.
 25233 | Gauntlet | Found a runed translucent gate.
 25233 | Gauntlet | Found a runed translucent gate.
 25248 | Gauntlet | Found a transporter.
 25258 | Gauntlet | Found a transporter.
 25272 | Gauntlet | Found a transporter.
 25292 | Gauntlet | Found a transporter.
 25305 | Gauntlet | Found a transporter.
 25545 | Gauntlet | Identified the +0 hat "Wyzxuipn" {Str+3}
 25921 | Gauntlet | Identified the +1 pair of boots of the Vaults {rElec rF+}
 26050 | Gauntlet | Noticed a minotaur
 26072 | Gauntlet | Killed a minotaur
 26073 | Gauntlet | Reached skill level 12 in Conjurations
 26457 | Lair:6   | Reached skill level 13 in Fire Magic
 27528 | Lair:6   | Reached skill level 14 in Fire Magic
 27803 | Lair:6   | Reached XP level 14. HP: 115/115 MP: 25/28
 27956 | Lair:6   | Found the +2 robe of Vines {NoPotionHeal Regen+++}
 28543 | Lair:6   | Found a staircase to the Slime Pits.
 28575 | Lair:6   | Identified a scroll of acquirement
 29158 | Orc:1    | Entered Level 1 of the Orcish Mines
 29338 | Orc:2    | Entered Level 2 of the Orcish Mines
 29502 | Orc:2    | Reached skill level 15 in Fire Magic
 29795 | Orc:2    | Found a staircase to the Elven Halls.
 30216 | Orc:2    | Noticed an orc warlord
 30332 | Orc:2    | Killed an orc warlord
 31181 | Orc:1    | Found Pyiwem's Jewellery Boutique.
 31241 | Orc:1    | Found Vatzotz's Armour Shoppe.
 31709 | Orc:2    | Reached skill level 16 in Fire Magic
 31849 | Orc:2    | Found Wixusewish's General Store.
 31850 | Orc:2    | Found Gaushigg's Book Shop.
 31854 | Orc:2    | Found Ruakuore's Antique Armour Shop.
 31854 | Orc:2    | Found Vinadyun's Antique Weapon Boutique.
 31887 | Orc:2    | Bought a scroll of immolation for 42 gold pieces
 31887 | Orc:2    | Bought a potion of lignification for 36 gold pieces
 32049 | Orc:2    | Found Wixusewish's General Store.
 32050 | Orc:2    | Found Gaushigg's Book Shop.
 32052 | Orc:2    | Found Ruakuore's Antique Armour Shop.
 32052 | Orc:2    | Found Vinadyun's Antique Weapon Boutique.
 32110 | Orc:2    | Found a staircase to the Elven Halls.
 32459 | Orc:1    | Found a transporter.
 32460 | Orc:1    | Noticed dziebel133's ghost (journeyman SpEn)
 32461 | Orc:1    | Found a transporter.
 32465 | Orc:1    | Identified the +7 great mace of the Warrior-Mage {flame,
                  | rN+}
 32465 | Orc:1    | Identified the +6 great mace of Extinguishment {flame, rF+
                  | rN++ rCorr Int-2}
 32587 | Orc:1    | Bought an amulet of regeneration for 510 gold pieces
 32814 | D:2      | Bought a condenser vane for 520 gold pieces
 33038 | D:12     | Noticed Frances
 33048 | D:12     | Killed Frances
 33049 | D:12     | Reached skill level 2 in Dodging
 33504 | D:12     | Reached skill level 1 in Evocations
 33800 | D:12     | Acquired 1051 gold pieces
 34407 | D:13     | Reached skill level 5 in Shields
 34438 | D:13     | Reached skill level 2 in Evocations
 34926 | D:14     | Reached skill level 3 in Dodging
 35286 | D:14     | Noticed an ironbound preserver
 35291 | D:14     | Killed an ironbound preserver
 35438 | D:14     | Reached XP level 15. HP: 123/123 MP: 31/31
 35465 | D:14     | Found a gate to the Vaults.
 35565 | D:14     | Reached skill level 6 in Shields
 35565 | D:14     | Reached skill level 3 in Evocations
 35957 | D:14     | Found Xaifug's Jewellery Shoppe.
 36006 | D:14     | Bought the ring of Esafroso {rPois rC+ Str+3 Int+2} for 653
                  | gold pieces
 36175 | D:15     | Entered Level 15 of the Dungeon
 36175 | D:15     | Noticed Jorgrun
 36392 | D:15     | Noticed Agnes
 36395 | D:15     | Killed Agnes
 36396 | D:15     | Reached skill level 4 in Dodging
 36401 | D:15     | Reached skill level 8 in Earth Magic
 36415 | D:15     | Killed Jorgrun
 36429 | D:15     | Noticed Louise
 36430 | D:15     | Reached skill level 9 in Fighting
 36564 | D:15     | Killed Louise
 36565 | D:15     | Reached skill level 7 in Shields
 36866 | D:15     | Found Num Laurr's Book Shop.
 37104 | D:15     | Reached skill level 8 in Spellcasting
 37123 | D:15     | Reached skill level 4 in Evocations
 37350 | D:15     | Found a staircase to the Depths.
 37436 | D:15     | Found a portal to a secret trove of treasure.
 37744 | D:10     | Found a staircase to the Lair.
 38299 | D:4      | Killed scienide's ghost
 38488 | D:5      | Killed paps's ghost
 38634 | D:7      | Bought a glowing cloak for 232 gold pieces
 38766 | Orc:2    | Bought an ancient robe for 199 gold pieces
 38766 | Orc:2    | Identified the +2 robe "Xyastrocu" {Harm rElec MP-9 Str+7}
                  | (You bought it in a shop on level 2 of the Orcish Mines)
 38768 | Orc:2    | Bought a bloodstained robe for 199 gold pieces
 38768 | Orc:2    | Identified the +1 robe of Boredom {Will++} (You bought it
                  | in a shop on level 2 of the Orcish Mines)
 38919 | Swamp:1  | Entered Level 1 of the Swamp
 39064 | Swamp:1  | Noticed Donald
 39068 | Swamp:1  | Killed Donald
 39069 | Swamp:1  | Reached skill level 8 in Shields
 40242 | Swamp:2  | Noticed a tentacled monstrosity
 40378 | Swamp:2  | Killed a tentacled monstrosity
 40563 | Swamp:2  | Identified the +1 pair of gloves "Kucosargh" {Harm}
 40816 | Swamp:2  | Reached skill level 9 in Shields
 41234 | Orc:2    | Bought the +0 kite shield of Toothy Birdsong {rF+ Regen+}
                  | for 222 gold pieces
 41695 | Swamp:3  | Reached skill level 5 in Evocations
 41827 | Swamp:3  | Noticed a fenstrider witch
 41834 | Swamp:3  | Killed a fenstrider witch
 42398 | Swamp:3  | Reached skill level 10 in Shields
 42662 | Swamp:3  | Reached skill level 9 in Earth Magic
 42819 | Swamp:4  | Entered Level 4 of the Swamp
 42827 | Swamp:4  | Reached XP level 16. HP: 134/134 MP: 10/33
 43011 | Swamp:4  | Reached skill level 10 in Fighting
 43014 | Swamp:4  | Reached skill level 11 in Shields
 43150 | Swamp:4  | Reached skill level 9 in Spellcasting
 43150 | Swamp:4  | Reached skill level 6 in Evocations
 43800 | Swamp:4  | Reached skill level 12 in Shields
 44036 | Swamp:4  | Got a decaying rune of Zot
 44839 | Spider:1 | Entered Level 1 of the Spider Nest
 44980 | Spider:1 | Noticed Rupert
 44988 | Spider:1 | Killed Rupert
 45624 | Spider:1 | Found a large runed translucent door.
 45624 | Spider:1 | Found a large runed translucent door.
 45626 | Spider:1 | Noticed Sajuapom's ghost (adept MiFi)
 45951 | D:2      | Bought a book of Transfigurations for 520 gold pieces
 45957 | D:2      | Learned a level 5 spell: Irradiate
 46372 | Spider:2 | Reached skill level 10 in Earth Magic
 46373 | Spider:2 | Reached skill level 13 in Shields
 46378 | Spider:2 | Reached skill level 7 in Evocations
 46539 | Spider:2 | Noticed Arachne
 46540 | Spider:2 | Noticed Vive's ghost (adept GrEE)
 46546 | Spider:2 | Found a transporter.
 46555 | Spider:2 | Found a transporter.
 47081 | Spider:2 | Acquired 491 gold pieces
 47201 | Spider:2 | Reached skill level 10 in Spellcasting
 47612 | Spider:2 | Reached skill level 14 in Shields
 47791 | Spider:3 | Reached XP level 17. HP: 140/140 MP: 35/36
 48267 | Spider:3 | Identified the +1 leather armour "Dietian" {rPois}
 49572 | Spider:4 | Entered Level 4 of the Spider Nest
 49895 | Spider:4 | Learned a level 8 spell: Ignition
 49911 | Spider:4 | Reached skill level 15 in Shields
 50637 | Spider:4 | Reached skill level 17 in Fire Magic
 50774 | Spider:4 | Got a gossamer rune of Zot
 51139 | Elf:1    | Entered Level 1 of the Elven Halls
 51815 | Elf:1    | Found Eckiuckairio's General Store.
 52577 | Elf:2    | Identified the -6 helmet of Amorality {Str+3 Int+3}
 52629 | Elf:2    | Reached skill level 18 in Fire Magic
 53140 | Elf:2    | Found a runed translucent gate.
 53141 | Elf:2    | Found a runed translucent gate.
 53141 | Elf:2    | Found a runed translucent gate.
 53432 | Elf:3    | Entered Level 3 of the Elven Halls
 53489 | Elf:3    | Reached XP level 18. HP: 147/147 MP: 18/37
 53572 | Elf:3    | Found Xuik's General Store.
 53574 | Elf:3    | Found Fiariny's Specific Store.
 53578 | Elf:3    | Bought a potion of heal wounds for 65 gold pieces
 53606 | Elf:3    | Bought a scroll of acquirement for 988 gold pieces
 53606 | Elf:3    | Acquired 1287 gold pieces
 53632 | Elf:3    | Reached skill level 19 in Fire Magic
 56839 | Elf:3    | Reached skill level 20 in Fire Magic
 57463 | Elf:3    | Identified the ring "Ceiho" {rF- rN+ AC+4 Slay+3 Stlth+}
 58961 | Elf:3    | Reached skill level 11 in Fighting
 58997 | Elf:3    | Identified the amulet of Xom's Fair Game {Faith rPois
                  | Int+5}
 60070 | Elf:3    | Identified the +4 cloak of the Stars {Fly Regen+}
 60076 | Elf:3    | Identified the +0 hand crossbow of Miogum {penet, rElec
                  | rPois rCorr Dex-5}
 60082 | Elf:3    | Got the Almanac of Evil Displacement
 60199 | Elf:3    | Got the Incunabulum of Evil Flames
 60446 | Elf:3    | Found Xuik's General Store.
 61014 | Vaults:1 | Entered Level 1 of the Vaults
 61069 | Vaults:1 | Reached skill level 12 in Fighting
 61487 | Vaults:1 | Found Fufemn's General Store.
 61498 | Vaults:1 | Bought a scroll of teleportation for 48 gold pieces
 61925 | Vaults:1 | Reached XP level 19. HP: 160/162 MP: 19/39
 62829 | Vaults:1 | Reached skill level 11 in Spellcasting
 62869 | Vaults:1 | Reached skill level 13 in Fighting
 62872 | Vaults:1 | Reached skill level 13 in Conjurations
 64410 | Vaults:2 | Reached skill level 12 in Spellcasting
 64750 | Vaults:2 | Reached skill level 14 in Fighting
 64757 | Vaults:2 | Reached skill level 14 in Conjurations
 65507 | Vaults:3 | Reached XP level 20. HP: 176/176 MP: 23/42
 65950 | Vaults:3 | Found a runed translucent door.
 66020 | Vaults:3 | Found a staircase to the Crypt.
 67080 | Vaults:3 | Noticed Geciec's ghost (veteran BaAK)
 67134 | Vaults:4 | Reached skill level 13 in Spellcasting
 67219 | Vaults:4 | Reached skill level 15 in Fighting
 67219 | Vaults:4 | Reached skill level 15 in Conjurations
 67307 | Vaults:4 | Noticed Saint Roka
 67327 | Vaults:4 | Killed Saint Roka
 67328 | Vaults:4 | Reached skill level 5 in Dodging
 67566 | Vaults:4 | Found Waiwyz's Weapon Shoppe.
 67624 | Vaults:4 | Noticed Bai Suzhen
 67629 | Vaults:4 | Killed Bai Suzhen
 67686 | Vaults:4 | Reached skill level 6 in Dodging
 67721 | Vaults:4 | Identified the +0 kite shield of a sewer {Harm rF+ MP+9
                  | Str+2}
 67915 | Vaults:4 | Reached skill level 7 in Dodging
 68190 | Vaults:4 | Reached skill level 8 in Dodging
 68931 | Depths:1 | Entered Level 1 of the Depths
 68980 | Depths:1 | Reached skill level 9 in Dodging
 69378 | Depths:1 | Found Kowikun's Antique Armour Shop.
 70255 | Depths:1 | Reached skill level 10 in Dodging
 70427 | Depths:1 | Noticed Aizul
 70430 | Depths:1 | Killed Aizul
 70494 | Depths:1 | Found a gateway to Hell.
 70530 | Depths:1 | Noticed the Enchantress
 70533 | Depths:1 | Reached XP level 21. HP: 132/184 MP: 11/43
 70542 | Depths:1 | Reached skill level 8 in Evocations
 70545 | Depths:1 | Killed the Enchantress
 71164 | Depths:1 | Found a one-way gate leading to the halls of Pandemonium.
 71400 | Depths:2 | Reached skill level 9 in Evocations
 71515 | Depths:2 | Reached skill level 16 in Conjurations
 72823 | Depths:3 | Reached skill level 10 in Evocations
 73093 | Depths:3 | Reached skill level 17 in Conjurations
 73279 | Depths:3 | Identified the +6 chain mail "Qecruvez" {+Blink rPois Will-
                  | SInv}
 73429 | Depths:3 | Identified the amulet of Qidgh {Acrobat rF+ Str+2 Int+4}
 73472 | Depths:3 | Found Huennimm's General Store.
 73612 | Depths:3 | Bought a potion of curing for 36 gold pieces
 73612 | Depths:3 | Bought a potion of curing for 36 gold pieces
 73612 | Depths:3 | Bought a potion of heal wounds for 60 gold pieces
 74090 | Depths:4 | Entered Level 4 of the Depths
 74364 | Depths:4 | Reached skill level 18 in Conjurations
 74880 | Depths:4 | Found a gateway to a ziggurat.
 74880 | Depths:4 | Noticed an ancient lich
 75093 | Depths:4 | Noticed a golden dragon
 75094 | Depths:4 | Noticed a golden dragon
 75095 | Depths:4 | Killed a golden dragon
 75096 | Depths:4 | Found a gate to the Realm of Zot.
 75097 | Depths:4 | Killed a golden dragon
 75319 | Depths:4 | Reached XP level 22. HP: 192/192 MP: 26/44
 76033 | Slime:1  | Entered Level 1 of the Pits of Slime
 76196 | Slime:2  | Reached skill level 19 in Conjurations
 76304 | Slime:2  | Learned a level 4 spell: Fulminant Prism
 76528 | Slime:5  | Entered Level 5 of the Pits of Slime
 76853 | Slime:5  | Noticed the Royal Jelly
 76867 | Slime:5  | Killed the Royal Jelly
 76940 | Slime:5  | Found the +8 Wrath of Trog {antimagic, *Rage Rampage}
 76954 | Slime:5  | Identified the +11 dagger "Xuuxzit" {protect, rElec rCorr}
 76956 | Slime:5  | Acquired 787 gold pieces
 76970 | Slime:5  | Identified the +1 leather armour of the Seven Spines
                  | {Slay+2}
 77050 | Slime:5  | Identified the +8 trident of Perfectionism {vorpal}
 77051 | Slime:5  | Identified the +2 plate armour "Xawoiso" {rN+}
 77060 | Slime:5  | Identified the +1 helmet "Viuwy" {rPois Will+}
 77078 | Slime:5  | Identified the +5 flail "Niyzxur" {vorpal, *Rage Int+4}
 77090 | Slime:5  | Got a slimy rune of Zot
 77487 | Vaults:5 | Entered Level 5 of the Vaults
 77489 | Vaults:5 | Reached skill level 20 in Conjurations
 77550 | Vaults:5 | Reached skill level 14 in Spellcasting
 77945 | Vaults:5 | Identified the +2 steam dragon scales of Iqe Soru {rElec
                  | rF- rC+ Str+5}
 79290 | Vaults:5 | Reached skill level 15 in Spellcasting
 79773 | Vaults:5 | Identified the ring "Husiumom" {rElec rPois rN++ rCorr
                  | Dex-4}
 80010 | Vaults:5 | Found Avikif's Antique Armour Shoppe.
 80129 | Vaults:5 | Got a silver rune of Zot
 80661 | Vaults:5 | Learned a level 8 spell: Lehudib's Crystal Spear
 80994 | Zot:1    | Entered Level 1 of the Realm of Zot
 81110 | Depths:4 | Reached XP level 23. HP: 144/199 MP: 12/48
 81356 | Zot:2    | Reached skill level 21 in Conjurations
 81581 | Zot:3    | Reached skill level 11 in Earth Magic
 82031 | Zot:3    | You are sucked into a shaft and drop 1 floor!
 82409 | Zot:4    | Reached skill level 12 in Earth Magic
 82752 | Zot:5    | Entered Level 5 of the Realm of Zot
 83176 | Zot:5    | Acquired 883 gold pieces
 84581 | Zot:5    | Noticed a Killer Klown
 84583 | Zot:5    | Killed a Killer Klown
 84585 | Zot:5    | Noticed an ancient lich
 84589 | Zot:5    | Killed an ancient lich
 84681 | Zot:5    | Noticed an orb of fire
 84692 | Zot:5    | Killed an orb of fire
 84936 | Zot:5    | Reached skill level 22 in Conjurations
 85159 | Zot:5    | Noticed a Killer Klown
 85161 | Zot:5    | Killed a Killer Klown
 85460 | Zot:5    | Noticed a Killer Klown
 85468 | Zot:5    | Killed a Killer Klown
 86257 | Zot:5    | Noticed an orb of fire
 86267 | Zot:5    | Killed an orb of fire
 87523 | Zot:5    | Got the Orb of Zot
 87550 | Zot:5    | Noticed Ditam the pandemonium lord
 87912 | D:7      | Noticed Wuhukluj the pandemonium lord
 88012 | D:$      | Escaped with the Orb!

Illustrated notes

Levels and vault maps discovered:
D:1:      minmay_arrival_loop, layout_basic,
          shapermc_ecumenical_altar_mp_vishouse
D:2:      layout_loops_ring, serial_shops, nicolae_square_shop, uniq_terence,
          uniq_jessica
D:3:      layout_loops_ring, mainiacjoe_overflow_boulevard,
          mainiacjoe_overflow_alcove_4, cheibrodos_sewer_entry_sluice,
          kennysheep_nondescript
D:4:      layout_basic, jmf_multi_god_temple2, gammafunk_ghost_abyssal_escape,
          uniq_robin
D:5:      layout_gridville, serial_shops, shop, biasface_ghost_orc_armoury
D:6:      layout_basic, serial_shops, nicolae_shop_behind_doors, shop_fountains,
          shop, ebering_ghost_rock_garden
D:7:      layout_gridville, nemelex_xobeh_ov_fountains_minmay,
          minmay_temple_entry_grid, serial_shops,
          nicolae_shop_overgrown_old_shop
D:8:      layout_rooms
D:9:      layout_basic, nicolae_gozag_cash_rules_everything_around_me,
          kennysheep_another_room, minmay_checkerbox, uniq_harold
D:10:     layout_roguey [special_room_orc], lair_entry_dummy, special_room
          [special_room_orc], uniq_erica
D:11:     layout_loops_ring, david_orc_3, portal_ice_cave_entry_pillars_2,
          serial_shops, shop, uniq_erolcha
D:12:     layout_basic, uniq_frances
D:13:     layout_roguey
D:14:     layout_roguey, skrybe_vaults_entry_preservation,
          nicolae_lava_and_water, serial_shops,
          nicolae_shop_temple_entry_statues_fountains
D:15:     hangedman_depths_entry_try_elsewhere_first, layout_rooms,
          moated_statue, trove_entry_hex_spiral, serial_shops, shop,
          statue_in_the_mist_lemuel, grunt_dithmenos_shadows, uniq_agnes,
          uniq_louise, uniq_jorgrun
Lair:1:   layout_loops_ring, grunt_megastairs_1, uniq_maggie
Lair:2:   regret_index_tunnel_blossom, layout_regular_city
Lair:3:   lemuel_ratsnest, layout_regular_city,
          nicolae_swamp_entry_splash_gauntlet, grunt_megastairs_5
Lair:4:   layout_regular_city, nicolae_spider_entry_non_spiders
Lair:5:   layout_long_grid, beast_lair_carwin_6
Lair:6:   minmay_lair_end_frog_pond, layout_small_grid, slime_dummy,
          gauntlet_entry_generic, minivault_23, hellmonk_guarded_unrand_vines
Swamp:1:  layout_basic_swamp, nicolae_swamp_small_spring, uniq_donald
Swamp:2:  layout_basic_swamp, evilmike_swamp_ruin_rubble_2,
          infiniplex_staircase_pool
Swamp:3:  layout_falls_marsh, evilmike_swamp_ruin_rubble_1
Swamp:4:  swamp, layout_basic_swamp
Spider:1: layout_spider_delve, ebering_ghost_disaster_area, uniq_rupert
Spider:2: layout_spider_delve, nzn_ghost_randoct,
          hangedman_spider_tarantella_strand, uniq_arachne
Spider:3: layout_chambers
Spider:4: guppyfry_spider_rune
Slime:1:  layout_caves, special_room [special_room_jelly],
          cheibrodos_slime_lost_civilization_7
Slime:2:  layout_caves
Slime:3:  layout_caves
Slime:4:  layout_caves
Slime:5
Orc:1:    layout_caves, gammafunk_ghost_smash, serial_shops, shop,
          nicolae_shop_behind_doors
Orc:2:    st_orc_congregation, layout_caves, basic_altar, nicolae_orc_rockfall,
          lemuel_statue_altar
Elf:1:    nicolae_elf_arrival_fired_up, layout_loops_cross, serial_shops,
          shop_statue, minivault_28, amethyst_killhole, drop_trap
Elf:2:    nicolae_elf_blades_crystal_corner, layout_loops_corners
Elf:3:    minmay_elf_hall_four_x, layout_rooms, nicolae_specific_store,
          patterned_corridor
Vaults:1: nicolae_vaults_angled_halls, vaults_room_door_hall,
          ontoclasm_vaults_pinch, nicolae_vaults_quartermaster,
          ontoclasm_vaults_eye, v_misc_26, v_misc_11, v_misc_9,
          layout_vaults_chaotic_city, serial_shops, shop
Vaults:2: vaults_standard_mumra_lines, ontoclasm_vaults_tryst, v_misc_22,
          v_misc_25, v_misc_22, grunt_vaults_twisty, ontoclasm_vaults_fault,
          nicolae_vaults_stairing_the_circle, nicolae_vaults_little_squares_1,
          ontoclasm_vaults_gallery, vaults_room_fours, v_rooms_3,
          vaults_room_door_hall, layout_vaults_omnibox
Vaults:3: ebering_vaults_ghost_reflecting_pool, nicolae_vaults_arrows,
          hangedman_vaults_nodes, minmay_crypt_entry_necro_gods, v_misc_31,
          vaults_room_corners, nicolae_vaults_shelves_hall,
          layout_vaults_omnigrid
Vaults:4: v_rooms_5, nicolae_vaults_display_case, vaults_room_fours,
          dpeg_vaults_monster_row, v_misc_5, nicolae_vaults_little_squares_5,
          hangedman_vaults_trim, nicolae_vaults_little_squares_3, v_rooms_5,
          vaults_room_stairs_pillars, nicolae_vaults_little_squares_2,
          layout_vaults_maze, serial_shops, shop, uniq_bai_suzhen,
          uniq_saint_roka
Vaults:5: serial_shops
Depths:1: layout_gridlike, serial_shops, kennysheep_mini_moat, abyss_entry,
          pf_vacation_house_of_asmodeus, rand_demon_pan_entry_9,
          serial_sigils_hangedman_confine, hangedman_cracks_in_the_wall,
          uniq_aizul, uniq_enchantress
Depths:2: minmay_skeleton_keep, layout_cave_pools, serial_sigils,
          serial_sigils_hangedman_shear, serial_sigils_hangedman_gnaw,
          serial_sigils_hangedman_shear, serial_sigils_hangedman_writhe,
          serial_sigils_hangedman_quiver, serial_sigils_hangedman_etch,
          chequers_decorated_corner, grunt_pan_entry_zigzag, hell_entry
Depths:3: evilmike_hourglass, layout_cave_pools, hangedman_tar_grid_catacomb,
          minivault_11, serial_shops, shop, abyss_entry, dk_noncrumbling_4,
          firewood_loft
Depths:4: grunt_twist_and_shout, layout_long_grid, enter_ziggurat_d,
          minmay_misc_feat_hallway, hellmouth_1, minmay_tree_intersection
Zot:1:    layout_onion, grunt_ministairs_1, grunt_megastairs_2
Zot:2:    layout_gridville, bh_zot_ikea_curve
Zot:3:    layout_misc_corridors
Zot:4:    layout_misc_corridors
Zot:5:    layout_cellular_growth

Skill      XL: |  1  2  3  4  5  6  7  8  9 10 11 12 13 14 15 16 17 18 19 20 21 22 23 |
---------------+----------------------------------------------------------------------+-----
Stealth        | 2 |  2.0
Spellcasting   | 2 4 5 7 8 10 12 13 15 | 15.0
Earth Magic    | 3 4 7 9 10 12 | 12.8
Conjurations   | 2 4 5 7 8 9 10 12 14 15 18 20 22 | 22.7
Fighting       | 2 3 4 5 7 8 9 10 12 14 15 | 15.0
Shields        | 2 3 4 5 10 14 15 | 15.0
Transmutations | 2 3 |  3.1
Fire Magic     | 6 9 10 11 14 16 18 20 | 20.0
Armour         | 3 4 |  4.0
Dodging        | 3 4 10 | 10.0
Evocations     | 2 5 7 10 | 10.0

Action                   |  1- 3 |  4- 6 |  7- 9 | 10-12 | 13-15 | 16-18 | 19-21 | 22-24 || total
-------------------------+-------+-------+-------+-------+-------+-------+-------+-------++-------
Melee: Unarmed           |     6 |       |       |       |       |       |       |       ||     6
       Mace              |    29 |       |       |       |       |       |       |       ||    29
       Dagger            |    20 |     4 |       |       |       |       |       |       ||    24
       Staff             |       |   131 |       |   127 |     9 |     7 |    15 |       ||   289
Throw: Dart              |       |       |     6 |     4 |    13 |       |     2 |       ||    25
 Cast: Sandblast         |    33 |    32 |    56 |   180 |    55 |    14 |     4 |     4 ||   378
       Stone Arrow       |     2 |    65 |    73 |    83 |     1 |       |       |       ||   224
       Passwall          |     1 |       |     1 |       |       |     2 |     1 |     4 ||     9
       Fireball          |       |       |       |    76 |   338 |   371 |   296 |    91 ||  1172
       Starburst         |       |       |       |    20 |    67 |    33 |    69 |     8 ||   197
       Iron Shot         |       |       |       |       |    42 |    57 |   107 |   187 ||   393
       Irradiate         |       |       |       |       |       |    28 |     9 |    20 ||    57
       Ignition          |       |       |       |       |       |    34 |   100 |    28 ||   162
       Fulminant Prism   |       |       |       |       |       |       |       |     2 ||     2
Evoke: Wand              |       |       |       |     9 |    16 |     3 |    16 |     5 ||    49
       Box of beasts     |       |       |       |     1 |     2 |       |       |       ||     3
       Phial of floods   |       |       |       |       |     1 |       |     2 |       ||     3
       Condenser vane    |       |       |       |       |     1 |       |     1 |       ||     2
       Phantom mirror    |       |       |       |       |       |       |     1 |       ||     1
       Tin of tremorston |       |       |       |       |       |       |     3 |       ||     3
  Use: Scroll            |     3 |     7 |    13 |     8 |     8 |     6 |     1 |    13 ||    59
       Potion            |       |       |       |     1 |     3 |     1 |       |     6 ||    11
 Stab: Sleeping          |     5 |     2 |       |       |       |       |       |       ||     7
       Distracted        |       |     1 |       |       |       |       |       |       ||     1
Armor: Robe              |     9 |    36 |       |    50 |    53 |    55 |    23 |       ||   226
       Steam dragon scal |       |       |     7 |    14 |       |       |       |       ||    21
       Acid dragon scale |       |       |       |       |       |       |    21 |    35 ||    56
Dodge: Dodged            |    42 |   163 |    14 |   207 |    79 |    82 |    63 |    49 ||   699
Block: Buckler           |       |    23 |     9 |    74 |    29 |       |       |       ||   135
       Kite shield       |       |       |       |       |    30 |   133 |   111 |    57 ||   331

Table legend: (Time is in decaauts)
 A = Elapsed time spent in this place.
 B = Non-inter-level travel time spent in this place.
 C = Inter-level travel time spent in this place.
 D = Time resting spent in this place.
 E = Time spent auto-exploring this place.
 F = Levels seen in this place.
 G = Mean time per level.
                   A        B        C        D        E       F      G
               +--------+--------+--------+--------+--------+-----+--------+
         Total |  88519 |  81675 |   6844 |  25347 |  45247 |  56 | 1580.7 |
       Dungeon |  25010 |  21207 |   3803 |   1553 |  16835 |  15 | 1667.3 |
          Lair |  11174 |  10256 |    918 |   2325 |   6702 |   6 | 1862.3 |
         Swamp |   5254 |   5044 |    210 |   1952 |   2479 |   4 | 1313.5 |
   Spider Nest |   5423 |   5065 |    358 |   1244 |   3012 |   4 | 1355.8 |
    Slime Pits |   1137 |   1073 |     64 |    746 |      0 |   5 |  227.4 |
  Orcish Mines |   4034 |   3577 |    457 |   1296 |   1745 |   2 | 2017.0 |
   Elven Halls |   9600 |   9482 |    118 |   5437 |   3119 |   3 | 3200.0 |
        Vaults |  11098 |  10666 |    432 |   2072 |   6972 |   5 | 2219.6 |
        Depths |   7190 |   6784 |    406 |   2105 |   3602 |   4 | 1797.5 |
           Zot |   6481 |   6407 |     74 |   5305 |    436 |   5 | 1296.2 |
         Sewer |    499 |    499 |      0 |    105 |    225 |   1 |  499.0 |
      Ice Cave |    371 |    371 |      0 |    311 |      0 |   1 |  371.0 |
      Gauntlet |   1242 |   1242 |      0 |    896 |    118 |   1 | 1242.0 |
               +--------+--------+--------+--------+--------+-----+--------+

Top non-repeatable levels by time:
   Elf:3: 7462 daAuts
   Zot:5: 4804 daAuts
     D:9: 3259 daAuts
Vaults:5: 3066 daAuts
Depths:1: 2664 daAuts
    D:10: 2533 daAuts
Vaults:3: 2345 daAuts
   Orc:2: 2267 daAuts
     D:3: 2105 daAuts
Spider:3: 2085 daAuts
  Lair:3: 2071 daAuts
Vaults:1: 2066 daAuts
  Lair:5: 2010 daAuts
  Lair:6: 1984 daAuts
  Lair:4: 1861 daAuts
